 Dungeon Crawl Stone Soup version 0.27-a0-637-g3a9f0a9c12 (webtiles) character file.

Game seed: 5068815949237550682

11686 Gaff the Grappler (level 11, -14/117 HPs)
             Began as a Troll Warper on Mar 14, 2021.
             Was the Champion of Cheibriados.
             Demolished by an orc warrior
             ... wielding a +0 halberd
              (17 damage)
             ... in a bailey.
             The game lasted 00:32:30 (9155 turns).

Gaff the Grappler (Troll Warper)                    Turns: 9155, Time: 00:32:31

Health: -14/117    AC:  7    Str: 39    XL:     11   Next: 52%
Magic:  11/11      EV: 15    Int: 24    God:    Cheibriados [******]
Gold:   178        SH:  0    Dex: 24    Spells: 9/14 levels left

rFire    . . .     SeeInvis +     - Unarmed
rCold    . . .     Faith    .   (no shield)
rNeg     + . .     Spirit   .   a - +0 robe
rPois    .         Reflect  .   (helmet restricted)
rElec    .         Harm     .   u - +2 cloak
rCorr    +         Rampage  .   (gloves unavailable)
Will     +++..     Clarity  +   (boots unavailable)
Stlth    ++........             Q - amulet of the Four Winds {rN+ Will+++ Clar}
HPRegen  1.29/turn              k - ring of see invisible
MPRegen  0.12/turn              p - ring of resist corrosion

@: mighty, studying Translocations, very slow
A: large, unfitting armour, claws 3, regeneration 1, shaggy fur 1, tough skin 1,
blurry vision 1, clarity, low mp 1, robust 1
a: Renounce Religion, Bend Time, Temporal Distortion, Slouch, Step From Time


You were in a bailey.
You worshipped Cheibriados.
Cheibriados was exalted by your worship.
You visited 2 branches of the dungeon, and saw 12 of its levels.
You also visited: Ossuary and Bailey.

You collected 720 gold pieces.
You spent 542 gold pieces at shops.

Inventory:

Hand Weapons
 H - a +2 mace of distortion
 P - a +0 hand axe of electrocution
Missiles
 d - 7 boomerangs of dispersal (quivered)
 w - 9 curare-tipped darts
 x - 40 poisoned darts
 F - 4 boomerangs
 L - 2 throwing nets
Armour
 a - a +0 robe (worn)
 u - a +2 cloak (worn)
 M - a +0 kite shield
Jewellery
 g - an amulet of the acrobat
 k - a ring of see invisible (right claw)
 p - a ring of resist corrosion (left claw)
 z - an amulet of reflection
 I - a ring of wizardry
 Q - the amulet of the Four Winds (around neck) {rN+ Will+++ Clar}
   (You bought it in a shop on level 9 of the Dungeon)

   [amulet of nothing]

   It protects you from negative energy.
   It affects your willpower, your defense against some magical effects.
   It protects you against confusion.
Wands
 D - a wand of iceblast (5)
 G - a wand of digging (7)
 J - a wand of flame (13)
 O - a wand of polymorph (8)
Scrolls
 b - 2 scrolls of fear
 c - 2 scrolls of blinking
 f - 2 scrolls of random uselessness {unknown}
 i - 3 scrolls of amnesia {unknown}
 l - 4 scrolls of teleportation {unknown}
 n - 2 scrolls of immolation
 o - 4 scrolls of enchant armour {unknown}
 t - a scroll of fog
 y - a scroll of holy word
 E - a scroll of enchant weapon
 R - a scroll of noise
Potions
 e - a potion of lignification
 h - a potion of brilliance {unknown}
 j - 4 potions of curing
 q - 3 potions of ambrosia
 r - a potion of berserk rage
 v - 2 potions of degeneration
 A - a potion of flight
 B - a potion of haste


   Skills:
 + Level 6.8 Fighting
 - Level 0.8 Throwing
 + Level 7.0 Dodging
 + Level 13.5 Unarmed Combat
 + Level 2.1 Spellcasting
 + Level 3.1 Translocations
 + Level 2.3 Invocations


You had 9 spell levels left.
You knew the following spells:

 Your Spells              Type           Power      Damage    Failure   Level
a - Blink                 Tloc           N/A        N/A       4%          2
b - Teleport Other        Tloc           17%        N/A       10%         3

Your spell library contained the following spells:

 Spells                   Type           Power      Damage    Failure   Level
 Gell's Gravitas          Tloc           8%         N/A       10%         3
 Lesser Beckoning         Tloc           8%         N/A       10%         3
 Manifold Assault         Tloc           17%        N/A       32%         4


Dungeon Overview and Level Annotations

Branches:
Dungeon (11/15)            Temple (1/1) D:5            Lair (0/6) D:11
Ossuary (visited)          Bailey (1/1)
    Orc: D:9-12

Altars:
Ashenzari
Cheibriados
Dithmenos
Elyvilon
Fedhas
Gozag
Hepliaklqana
Kikubaaqudgha
Makhleb
Nemelex Xobeh
Okawaru
Qazlal
Ru
Sif Muna
Trog
Uskayaw
Vehumet
Wu Jian
Xom
Yredelemnul
Zin
The Shining One

Shops:
D:8 *   D:9 =   D:10 ?

Portals:
Bazaar: D:11

Annotations:
D:8 2 transporters, paps's ghost, novice DsSu
D:11 3 runed translucent doors


Innate Abilities, Weirdness & Mutations

You are too large for most types of armour.
You have claws for hands.
Your natural rate of healing is unusually fast.
You are covered in fur. (AC +1)
You have tough skin. (AC +1)
Scrolls take you a little longer to read.
You possess an exceptional clarity of mind.
Your magical capacity is low. (-10% MP)
You are robust. (+10% HP)


Message History

Casting: Blink (safe; 4% risk of failure)
Confirm with . or Enter, or press ? or * to list all spells.
You blink.
Things that are here:
a +0 trident; a +4 chain mail; an orc corpse
Things that are here:
a +0 halberd; a +0 scale mail
Items here: )) ††.
The orc warrior misses you.
Things that are here:
a +0 halberd; a +0 chain mail; an orc corpse The orc warrior closely misses you.
The orc warrior misses you.
The orc warrior hits you from afar with a +0 halberd!
* * * LOW HITPOINT WARNING * * *
The orc hits you but does no damage. The orc warrior closely misses you.
There is a gate leading back out of this place here.
Okay, then.
Okay, then.
You feel much better. The orc warrior barely misses you.
Really quaff the potion of lignification? [Y]es or [N]o only, please.
Really quaff the potion of lignification?
Okay, then.
It was a potion of mutation.
You feel extremely strange.
You feel less energetic.
You feel robust.
Your vision blurs.
Your thoughts seem clearer.
The orc warrior misses you.
It was a potion of might.
You feel very mighty all of a sudden. The orc warrior barely misses you.
The orc warrior hits you with a +0 glaive!!
* * * LOW HITPOINT WARNING * * *
The orc warrior hits you with a +0 halberd!
* * * LOW HITPOINT WARNING * * *
The orc completely misses you. The orc misses you.
The orc hits you from afar with a +0 trident.
* * * LOW HITPOINT WARNING * * *
The orc warrior barely misses you.
The orc warrior hits you with a +0 halberd!
You die...

#######
##..∩..##
#.......#
#∩.....∩#
#......@#
#....ooo#
#....)oo#
#..)))..#
#.)))o..#
#.o.))..#
#.......#
#.......#
##.....##


You could see 2 orc warriors and 5 orcs.

Vanquished Creatures
  A queen ant (D:9)
  3 two-headed ogres
  The ghost of Sickboy the Thaumaturge, a novice DrCj of Vehumet (D:10)
  Eustachio (D:4)
  5 yaks (D:9)
  The ghost of terminal the Skirmisher, an amateur DsAK of Lugonu (D:4)
  A steam dragon (D:10)
  A water moccasin (D:7)
  6 soldier ants (D:9)
  3 black bears
  7 ice beasts
  3 sky beasts
  3 orc warriors
  7 ogres
  4 necrophages
  2 centaurs
  6 phantoms
  2 kobold brigands
  8 bullfrogs
  2 wyvern zombies
  4 scorpions
  4 wights (D:10)
  8 howler monkeys
  3 jellies
  6 bullfrog zombies
  4 quasits
  A centaur zombie (Ossuary)
  2 orc priests
  3 hounds
  A centaur skeleton (D:7)
  15 mummies (Ossuary)
  Jessica (D:2)
  2 bullfrog skeletons
  Terence (D:3)
  25 worker ants
  Natasha (D:2)
  4 iguanas
  6 orc wizards
  A killer bee zombie (D:10)
  A hound skeleton (D:9)
  2 hound zombies
  A howler monkey zombie (D:10)
  3 worker ant zombies
  Robin (D:2)
  8 adders
  3 white imps
  2 ufetubi
  An adder zombie (Ossuary)
  An adder skeleton (D:8)
  4 worms
  5 dart slugs
  2 leopard geckos
  46 orcs
  3 bats
  9 giant cockroaches
  20 goblins
  14 hobgoblins
  18 jackals
  3 quokkas
  A ball python (D:7)
  5 frilled lizards
  A giant cockroach zombie (Ossuary)
  A jackal skeleton (D:8)
  11 kobolds
  2 quokka zombies (Ossuary)
  7 rats
334 creatures vanquished.

Vanquished Creatures (others)
  An ogre (D:11)
  7 withered plants (Ossuary)
8 creatures vanquished.

Grand Total: 342 creatures vanquished

Notes
Turn   | Place    | Note
-------+----------+-------------------------------------------
     0 | D:1      | Gaff the Troll Warper began the quest for the Orb.
     0 | D:1      | Reached XP level 1. HP: 19/19 MP: 1/1
     3 | D:1      | Noticed an electric eel
     4 | D:1      | Noticed an electric eel
   126 | D:1      | Reached XP level 2. HP: 27/27 MP: 2/2
   579 | D:1      | Reached skill level 3 in Unarmed Combat
   652 | D:1      | Reached XP level 3. HP: 33/33 MP: 3/3
  1078 | D:2      | Learned a level 2 spell: Blink
  1131 | D:2      | Noticed Jessica
  1135 | D:2      | Killed Jessica
  1136 | D:2      | Reached skill level 4 in Unarmed Combat
  1136 | D:2      | Reached XP level 4. HP: 41/41 MP: 4/4
  1335 | D:2      | Found a bloodstained altar of Trog.
  1337 | D:2      | Found an iron altar of Okawaru.
  1383 | D:2      | Found a faded altar of an unknown god.
  1394 | D:2      | Noticed Robin
  1408 | D:2      | Killed Robin
  1544 | D:2      | Found an ornate altar of the Wu Jian Council.
  1545 | D:2      | Noticed Natasha
  1606 | D:2      | Found a burning altar of Makhleb.
  1856 | D:3      | Noticed Terence
  1873 | D:3      | Killed Terence
  1874 | D:3      | Reached skill level 5 in Unarmed Combat
  1874 | D:3      | Reached XP level 5. HP: 41/48 MP: 5/5
  1903 | D:3      | Noticed an ice beast
  1920 | D:3      | Killed an ice beast
  1930 | D:3      | Reached skill level 6 in Unarmed Combat
  1950 | D:2      | Killed Natasha
  1951 | D:2      | Reached XP level 6. HP: 53/55 MP: 6/6
  2210 | D:4      | Found a sand-covered staircase.
  2277 | Ossuary  | Entered an ossuary
  2316 | Ossuary  | Reached skill level 7 in Unarmed Combat
  2365 | Ossuary  | Reached XP level 7. HP: 62/62 MP: 7/7
  2413 | Ossuary  | Reached skill level 8 in Unarmed Combat
  2747 | D:4      | Reached skill level 9 in Unarmed Combat
  2833 | D:4      | Found a transporter.
  2833 | D:4      | Noticed terminal's ghost (amateur DsAK)
  2848 | D:4      | Found a transporter.
  2988 | D:4      | Noticed Eustachio
  3004 | D:4      | Killed Eustachio
  3005 | D:4      | Reached XP level 8. HP: 47/72 MP: 8/8
  3098 | D:4      | Found a sparkling altar of Nemelex Xobeh.
  3376 | D:4      | Killed terminal's ghost
  3480 | D:5      | Entered Level 5 of the Dungeon
  3552 | D:5      | Found a hazy altar of Hepliaklqana.
  3771 | D:5      | Reached skill level 10 in Unarmed Combat
  3899 | D:5      | Found a staircase to the Ecumenical Temple.
  3937 | Temple   | Entered the Ecumenical Temple
  4003 | Temple   | Became a worshipper of Cheibriados the Contemplative
  4413 | D:6      | Reached XP level 9. HP: 70/83 MP: 9/9
  4445 | D:6      | Reached * piety under Cheibriados
  5150 | D:6      | Reached skill level 11 in Unarmed Combat
  5396 | D:7      | Found a basalt altar of Yredelemnul.
  5398 | D:7      | Noticed a profane servitor
  5409 | D:7      | Found a glowing golden altar of the Shining One.
  5411 | D:7      | Noticed an angel
  5517 | D:7      | Reached ** piety under Cheibriados
  5700 | D:7      | Found a shadowy altar of Dithmenos.
  5853 | D:7      | Found a sparkling altar of Nemelex Xobeh.
  6013 | D:7      | Reached skill level 5 in Dodging
  6260 | D:8      | Found Tiris's Demolitions Depot.
  6329 | D:8      | Reached *** piety under Cheibriados
  6371 | D:8      | Reached XP level 10. HP: 94/94 MP: 10/10
  6400 | D:8      | Reached skill level 5 in Fighting
  6563 | D:8      | Found a transporter.
  6564 | D:8      | Found a transporter.
  6565 | D:8      | Noticed paps's ghost (novice DsSu)
  6594 | D:8      | Reached skill level 12 in Unarmed Combat
  6599 | D:8      | Reached **** piety under Cheibriados
  6653 | D:9      | Noticed a queen ant
  6695 | D:9      | Killed a queen ant
  6858 | D:9      | Reached ***** piety under Cheibriados
  7011 | D:9      | Reached skill level 13 in Unarmed Combat
  7079 | D:9      | Noticed a two-headed ogre
  7085 | D:9      | Killed a two-headed ogre
  7086 | D:9      | Reached XP level 11. HP: 69/106 MP: 11/11
  7717 | D:9      | Found Ruxkidoo's Jewellery Shop.
  7896 | D:10     | Entered Level 10 of the Dungeon
  8183 | D:10     | Reached skill level 1 in Invocations
  8218 | D:10     | Noticed a two-headed ogre
  8218 | D:10     | Noticed Sickboy's ghost (novice DrCj)
  8219 | D:10     | Found a transporter.
  8219 | D:10     | Found a transporter.
  8283 | D:9      | Bought the amulet of the Four Winds {rN+ Will+++ Clar} for
                  | 526 gold pieces
  8283 | D:9      | Found the amulet of the Four Winds {rN+ Will+++ Clar}
  8413 | D:10     | Identified the +8 great mace "Geaf" {venom, rPois Int+6}
  8413 | D:10     | Noticed a two-headed ogre
  8575 | D:10     | Found Zitorib's Magic Scroll Shop.
  8587 | D:10     | Bought a scroll of noise for 16 gold pieces
  8735 | D:10     | Killed a two-headed ogre
  8786 | D:10     | Killed a two-headed ogre
  8859 | D:10     | Killed Sickboy's ghost
  8876 | D:10     | Learned a level 3 spell: Teleport Other
  8936 | D:11     | Found a runed translucent gate.
  8936 | D:11     | Found a runed translucent gate.
  8936 | D:11     | Found a runed translucent gate.
  8991 | D:11     | Found a flickering gateway to a bazaar.
  9031 | D:11     | Found a flagged portal.
  9064 | Bailey   | Entered a bailey
  9072 | Bailey   | Reached ****** piety under Cheibriados
  9153 | Bailey   | Gained mutation: Your magical capacity is low. (-10% MP)
                  | [potion of mutation]
  9153 | Bailey   | Gained mutation: You are robust. (+10% HP) [potion of
                  | mutation]
  9153 | Bailey   | Gained mutation: Scrolls take you a little longer to read.
                  | [potion of mutation]
  9153 | Bailey   | Gained mutation: You possess an exceptional clarity of
                  | mind. [potion of mutation]
  9155 | Bailey   | HP: 3/117 [orc/+0 trident (5)]
  9155 | Bailey   | Demolished by an orc warrior

Illustrated notes

Levels and vault maps discovered:
D:1:      arrival_aquarium_b, layout_loops_corners
D:2:      layout_basic, lightli_temple_of_fire, nicolae_overflow_hidden_temple,
          chequers_ecumenical_altar_simple_redux, uniq_natasha, uniq_jessica,
          uniq_robin
D:3:      layout_rooms, uniq_terence
D:4:      layout_basic, gammafunk_ghost_arena,
          nicolae_ossuary_entry_false_entrances, fountainhead,
          nemelex_xobeh_ov_fountains_minmay, uniq_eustachio
D:5:      minmay_chambers_of_threes, layout_basic,
          nicolae_hepliaklqana_hippocampus, temple_fountains
D:6:      black_bear_nest_1, layout_basic
D:7:      minmay_octagon_keep, layout_basic, grunt_temple_overflow_holy_war,
          grunt_dithmenos_shadows, basic_altar
D:8:      layout_basic, gammafunk_ghost_arena, nicolae_blasting_shop
D:9:      layout_basic, serial_shops, nicolae_shop_waterfront,
          minmay_another_anthill
D:10:     layout_irregular_city, gammafunk_ghost_smash, serial_shops, shop
D:11:     layout_layer_cave, lair_entry_dummy, enter_bailey_4, serial_shops,
          bzr_firewalk, gammafunk_ghost_spectres, uniq_maurice
Temple:   nicolae_temple_great_sept
Bailey:   bailey_polearm_5, bailey

Skill      XL: |  1  2  3  4  5  6  7  8  9 10 11 |
---------------+----------------------------------+-----
Dodging        | 2 3 5 6 7 |  7.0
Unarmed Combat | 3 4 5 6 7 9 10 11 13 | 13.5
Fighting       | 2 3 4 6 |  6.8
Invocations    | 2 |  2.3
Spellcasting   | 2 |  2.1
Translocations | 3 |  3.1
Throwing       | |  0.8

Action                   |  1- 3 |  4- 6 |  7- 9 | 10-12 || total
-------------------------+-------+-------+-------+-------++-------
Melee: Unarmed           |    78 |   196 |   345 |   302 ||   921
       Punch             |       |     5 |    13 |    27 ||    45
 Cast: Blink             |       |     1 |     1 |     2 ||     4
  Use: Scroll            |       |     1 |     9 |     4 ||    14
       Potion            |       |       |     1 |     5 ||     6
 Stab: Sleeping          |       |       |     1 |     3 ||     4
Armor: Robe              |    21 |    41 |    60 |    54 ||   176
Dodge: Dodged            |    36 |   114 |   177 |   283 ||   610
Block: Other             |       |       |       |     9 ||     9

Table legend: (Time is in decaauts)
 A = Elapsed time spent in this place.
 B = Non-inter-level travel time spent in this place.
 C = Inter-level travel time spent in this place.
 D = Time resting spent in this place.
 E = Time spent auto-exploring this place.
 F = Levels seen in this place.
 G = Mean time per level.
                   A        B        C        D        E       F      G
               +--------+--------+--------+--------+--------+-----+--------+
         Total |  11813 |  11158 |    655 |    408 |   6779 |  14 |  843.8 |
       Dungeon |  11135 |  10495 |    640 |    354 |   6636 |  11 | 1012.3 |
        Temple |     91 |     76 |     15 |      0 |     70 |   1 |   91.0 |
       Ossuary |    456 |    456 |      0 |     38 |     72 |   1 |  456.0 |
        Bailey |    129 |    129 |      0 |     16 |      0 |   1 |  129.0 |
               +--------+--------+--------+--------+--------+-----+--------+

Top non-repeatable levels by time:
     D:9: 2235 daAuts
    D:10: 1647 daAuts
     D:6: 1311 daAuts
     D:7: 1226 daAuts
     D:4: 931 daAuts
     D:2: 900 daAuts
     D:1: 831 daAuts
     D:5: 808 daAuts
     D:8: 527 daAuts
 Ossuary: 456 daAuts
     D:3: 443 daAuts
    D:11: 271 daAuts
  Bailey: 129 daAuts
  Temple: 91 daAuts
